 Dungeon Crawl Stone Soup version 0.31.0-11-ge490571c62 (webtiles) character file.

Game seed: 5468195640877481770

11 Gadfly the Trooper (level 2, -6/24 HPs)
             Began as a Demonspawn Monk on Feb 3, 2024.
             Mangled by Sigmund
             ... wielding a +0 scythe
              (12 damage)
             ... on level 2 of the Dungeon.
             The game lasted 00:00:53 (649 turns).

Gadfly the Trooper (Demonspawn Monk)                 Turns: 649, Time: 00:00:53

Health: -6/24      AC:  0    Str: 11    XL:     2   Next: 13%
Magic:  2/2        EV: 15    Int: 10    God:
Gold:   93         SH:  0    Dex: 15    Spells: 1/1 levels left

rFire   . .          .
                       - Unarmed
rCold   . . .        c - melded orb {light}
rNeg    . . .        a - melded +0 robe
rPois   .            (helmet currently unavailable)
rElec   .            (cloak currently unavailable)
rCorr   .            (gloves currently unavailable)
SInv    .            (boots currently unavailable)
Will    .....        (no amulet)
Stlth   +            (ring currently unavailable)
HPRegen 0.24/turn    (ring currently unavailable)
MPRegen 0.08/turn

%: no passive effects
@: pig-form, very quick
A: fast, no casting, small, (large bone plates 1)
a: no special abilities


You were on level 2 of the Dungeon.
You were a filthy swine.
You visited 1 branch of the dungeon, and saw 2 of its levels.

You collected 93 gold pieces.

Inventory:

Armour
 a - a +0 robe (melded)
 c - an orb of light (melded)
Potions
 e - a potion of curing
 h - a potion of enlightenment {unknown}


   Skills:
 - Level 3.0 Fighting
 + Level 2.7 Dodging
 * Level 2.9 Unarmed Combat
 * Level 0.7 Evocations
 * Level 0.5 Shapeshifting


You had one spell level left.
You didn't know any spells.
Your spell library was empty.

Dungeon Overview and Level Annotations

Branches:
Dungeon (2/15)

Altars:

Shops:
D:1 (

Annotations:
D:2 Sigmund


Innate Abilities, Weirdness & Mutations

You are a filthy swine.
You move quickly.
Your equipment is almost entirely melded.
You are incapable of wielding weapons or throwing items.
You cannot cast spells.
((You are partially covered in large bone plates. (SH +4)))


Message History

* * * LOW HITPOINT WARNING * * *
You bump into the rock wall.
Sigmund misses you.
You bump into the rock wall.
Sigmund closely misses you.
You're too confused to move!
Sigmund hits you with a +0 scythe!
You bump into the rock wall.
You feel your willpower return.
You hit Sigmund.
Sigmund is lightly wounded.
Sigmund hits you with a +0 scythe. Sigmund closely misses you.
You see here a +0 dagger.
You feel less invigorated.
You closely miss Sigmund.
Sigmund is lightly wounded.
You feel less confused. Sigmund hits you with a +0 scythe.
You hit Sigmund.
Sigmund is moderately wounded.
Sigmund hits you with a +0 scythe.
You hit Sigmund.
Sigmund is moderately wounded.
You hit Sigmund.
Sigmund is heavily wounded.
Sigmund closely misses you.
You hit Sigmund.
Sigmund is severely wounded.
Sigmund zaps a wand.
You turn into a filthy swine.
Your orb of light melds into your body.
Your +0 robe melds into your body.
You barely miss Sigmund.
Sigmund is severely wounded.
Sigmund gestures wildly while chanting.
Sigmund flickers and vanishes!
Deactivating autopickup; reactivate with Ctrl-A.
You hit something but do no damage. Something hits you!
Ouch! That really hurt!
* * * LOW HITPOINT WARNING * * *
You hit something. You miss something. Something hits you!
Ouch! That really hurt!
You die...

#.# #.# #.#
#.# #.# #.#
##.## #
#.h)###.###
#..{......#
#...###.#.#
##### #


There were no monsters in sight!

Vanquished Creatures
  A ball python (D:1)
  A bat (D:1)
  2 endoplasms (D:1)
  A giant cockroach (D:1)
  A quokka (D:1)
  2 frilled lizards (D:1)
  A goblin (D:2)
  A kobold (D:1)
10 creatures vanquished.

Notes
Turn   | Place    | Note
-------+----------+-------------------------------------------
     0 | D:1      | Gadfly the Demonspawn Monk began the quest for the Orb.
     0 | D:1      | Reached XP level 1. HP: 18/18 MP: 1/1
   277 | D:1      | Gained mutation: You are partially covered in large bone
                  | plates. (SH +4) [demonic ancestry]
   277 | D:1      | Reached XP level 2. HP: 24/24 MP: 2/2
   293 | D:1      | Found Geroozer's Antique Weapon Emporium.
   619 | D:2      | Noticed Sigmund
   649 | D:2      | Mangled by Sigmund

Illustrated notes

Levels and vault maps discovered:
D:1:      lemuel_arrival_rhombus, layout_basic, serial_glass, glass_columns_a,
          glass_columns_b, glass_columns_c, glass_columns_c, serial_shops, shop,
          wander_ebering_terrifying_dragon_lair
D:2:      layout_loops_ring, uniq_crazy_yiuf_cottage, uniq_jessica, uniq_sigmund

Action                     || total
---------------------------++-------
  Melee: Unarmed           ||    40
    Use: Scroll            ||     3
         Potion            ||     1
 Armour: Robe              ||    21
         Skin              ||     2
  Dodge: Dodged            ||    19
